 Dungeon Crawl Stone Soup version 0.27-a0-1358-ga0a28fc8c3 (webtiles) character file.

Game seed: 10946512497986598916

468 Ijustatesigmund the Chopper (level 7, -14/50 HPs)
             Began as an Octopode Fighter on June 28, 2021.
             Killed from afar by Ijyb (25 damage)
             ... with a bolt of acid
             ... on level 5 of the Dungeon.
             The game lasted 00:05:36 (4927 turns).

Ijustatesigmund the Chopper (Octopode Fighter)      Turns: 4927, Time: 00:05:36

Health: -14/50     AC: -3    Str: 16    XL:     7   Next: 8%
Magic:  7/7        EV: 11    Int: 11    God:
Gold:   191        SH:  8    Dex: 12    Spells: 6/6 levels left

rFire    + . .     SeeInvis .   a - +0 war axe
rCold    . . .     Faith    .   b - +0 kite shield
rNeg     . . .     Spirit   .   (helmet restricted)
rPois    .         Reflect  .   (no amulet)
rElec    .         Harm     .   f - ring of protection from fire
rCorr    .         Rampage  .   j - ring of willpower
Will     +....                  (no ring)
Stlth    ++........             (no ring)
HPRegen  0.16/turn              (no ring)
MPRegen  0.10/turn              (no ring)
                                (no ring)
                                (no ring)

@: corroded
A: almost no armour, amphibious, 8 rings, camouflage 1, gelatinous body 1,
(nimble swimmer 1), tentacles
a: no special abilities


You were on level 5 of the Dungeon.
You visited 1 branch of the dungeon, and saw 6 of its levels.

You collected 191 gold pieces.

Inventory:

Hand Weapons
 a - a +0 war axe (weapon)
Armour
 b - a +0 kite shield (worn)
Jewellery
 f - a ring of protection from fire (left tentacle)
 j - a ring of willpower (right tentacle)
Scrolls
 d - a scroll of fear
 g - a scroll of teleportation
 l - 2 scrolls of amnesia
Potions
 c - a potion of attraction
 e - a potion of ambrosia
 h - a potion of heal wounds {unknown}
 i - 4 potions of curing
 k - a potion of berserk rage {unknown}


   Skills:
 + Level 5.0 Fighting
 + Level 6.0 Axes
 + Level 3.1 Dodging
 + Level 3.1 Shields


You had 6 spell levels left.
You didn't know any spells.
Your spell library contained the following spells:

 Spells                   Type           Power      Damage    Failure   Level
 Animate Skeleton         Necr           0%         N/A       86%         1
 Apportation              Tloc           0%         N/A       86%         1
 Beastly Appendage        Tmut           0%         N/A       86%         1
 Corona                   Hex            0%         N/A       86%         1
 Foxfire                  Conj/Fire      0%         2x1d4     86%         1
 Freeze                   Ice            0%         1d3       86%         1
 Pain                     Necr           0%         1d4       86%         1
 Vampiric Draining        Necr           0%         2d6       99%         3
 Animate Dead             Necr           0%         N/A       100%        4
 Agony                    Necr           0%         N/A       100%        5


Dungeon Overview and Level Annotations

Branches:
Dungeon (6/15)
 Temple: D:4-7

Altars:
Ashenzari
Cheibriados
Elyvilon
Fedhas
Kikubaaqudgha
Qazlal
Ru
Sif Muna
Trog
Uskayaw
Vehumet
Zin
The Shining One

Annotations:
D:5 Ijyb


Innate Abilities, Weirdness & Mutations

You cannot wear most types of armour.
You are amphibious.
You can wear up to eight rings at the same time.
Your skin changes colour to match your surroundings (Stealth+).
Your rubbery body absorbs attacks. (AC +1, EV +1)
((You are camouflaged near water. (Stealth+)))
You have tentacles for arms and can constrict up to eight enemies at once.


Message History

You constrict the orc wizard. You block the orc wizard's attack. x2
You hit the orc wizard but do no damage.
You squeeze the orc wizard!
The orc wizard is almost dead.
You constrict the orc wizard.
You kill the orc wizard!
Your Fighting skill increases to level 5!
No target in view!
No target in view!
No target in view!
No target in view!
No target in view!
You start waiting.
Done waiting.
l - 2 scrolls of amnesia
Things that are here:
a +0 falchion; a +0 robe; an orc corpse Unknown command.
There is a stone staircase leading down here.
You climb downwards.
Level annotation: Ijyb Ijyb shouts!
Ijyb hits you with a +0 dagger.
There is a stone staircase leading up here.
You hit Ijyb but do no damage. You grab Ijyb.
You constrict Ijyb, but do no damage. Ijyb hits you with a +0 dagger.
You hit Ijyb but do no damage. You constrict Ijyb, but do no damage.
Ijyb closely misses you.
You hit Ijyb but do no damage. You constrict Ijyb.
Ijyb zaps a wand.
The bolt of acid hits you! The acid corrodes you!
You are splashed with acid!
* * * LOW HITPOINT WARNING * * *
An orc wizard comes into view. It is wielding a +0 dagger.
Ijyb hits you with a +0 dagger.
* * * LOW HITPOINT WARNING * * *
The orc wizard shouts!
You hit Ijyb.
Ijyb is moderately wounded.
You constrict Ijyb.
Ijyb zaps a wand.
The bolt of acid hits you!!
Ouch! That really hurt!
You die... .......##.# ##. .....>. ... go.

.......####.#
#.#
..####.......#.#
..# ####o####
..# #....(o.#
..# #.#####.####
..# #.# #g...#
.## #### .#
#@##.# .#####..
.# #........
.....#.# .###
#.##.#.#.
.###.#.###....
... # #
..........# #
###
..##.#.##.##.#
.###.#.......#
.# #.####.####
.....####.###


You could see Ijyb and an orc wizard.

Vanquished Creatures
  Eustachio (D:5)
  A water moccasin (D:5)
  A hound (D:5)
  Crazy Yiuf (D:4)
  An orc wizard (D:4)
  A howler monkey zombie (D:4)
  3 adders (D:3)
  A white imp (D:6)
  2 worms (D:3)
  2 dart slugs
  An orc (D:4)
  5 endoplasms
  3 giant cockroaches
  7 goblins
  6 hobgoblins
  13 jackals
  4 kobolds
  3 quokkas
  7 ball pythons
  4 bats
  A frilled lizard (D:3)
  8 rats
76 creatures vanquished.

Notes
Turn   | Place    | Note
-------+----------+-------------------------------------------
     0 | D:1      | Ijustatesigmund the Octopode Fighter began the quest for
                  | the Orb.
     0 | D:1      | Reached XP level 1. HP: 16/16 MP: 1/1
   129 | D:1      | Reached XP level 2. HP: 15/21 MP: 2/2
   392 | D:1      | Reached skill level 3 in Axes
   394 | D:1      | Reached XP level 3. HP: 10/26 MP: 3/3
  1219 | D:2      | Found a faded altar of an unknown god.
  1453 | D:2      | Got First Steps in Thaumaturgy
  2060 | D:3      | Reached XP level 4. HP: 25/32 MP: 4/4
  2263 | D:3      | Reached skill level 4 in Axes
  2644 | D:3      | Found a hide-covered altar of Uskayaw.
  2671 | D:3      | Found a broken altar of Ashenzari.
  2675 | D:3      | Found a stormy altar of Qazlal.
  2677 | D:3      | Found a glowing golden altar of the Shining One.
  2678 | D:3      | Found a sacrificial altar of Ru.
  2678 | D:3      | Found a snail-covered altar of Cheibriados.
  2678 | D:3      | Found an ancient bone altar of Kikubaaqudgha.
  2678 | D:3      | Found a shimmering blue altar of Sif Muna.
  2679 | D:3      | Found a white marble altar of Elyvilon.
  2680 | D:3      | Found a blossoming altar of Fedhas.
  2683 | D:3      | Found a bloodstained altar of Trog.
  2684 | D:3      | Found a radiant altar of Vehumet.
  2689 | D:3      | Found a glowing silver altar of Zin.
  2860 | D:4      | You fall into a shaft and drop 2 floors!
  2861 | D:6      | Noticed a kobold brigand
  2877 | D:5      | Entered Level 5 of the Dungeon
  2877 | D:5      | Noticed Eustachio
  2882 | D:5      | Killed Eustachio
  2883 | D:5      | Reached skill level 5 in Axes
  2883 | D:5      | Reached XP level 5. HP: 25/38 MP: 5/5
  2883 | D:5      | Reached XP level 6. HP: 29/44 MP: 6/6
  3220 | D:5      | Noticed a water moccasin
  3227 | D:5      | Killed a water moccasin
  3560 | D:4      | Found a runed translucent door.
  3561 | D:4      | Noticed Crazy Yiuf
  3568 | D:4      | Killed Crazy Yiuf
  4009 | D:4      | Reached XP level 7. HP: 44/49 MP: 7/7
  4524 | D:4      | Reached skill level 6 in Axes
  4607 | D:5      | Noticed Ijyb
  4819 | D:4      | Reached skill level 5 in Fighting
  4927 | D:5      | Killed from afar by Ijyb

Illustrated notes

Levels and vault maps discovered:
D:1:      beargit_arrival_greenhouse, layout_loops_ring, minivault_14,
          minmay_tetromino_i4
D:2:      layout_basic, serial_glass, glass_columns_c, glass_columns_c,
          item_on_display_a, feat_on_display, feat_on_display, feat_on_display,
          hellmonk_ecumenical_altar_zigzags, minmay_misc_feat_tiny,
          minmay_misc_feat_rows, small_statue_intersection
D:3:      layout_rooms, minitemple
D:4:      layout_loops_cross, roderic_lattice_a, hangedman_decor_riveting,
          uniq_crazy_yiuf_cottage
D:5:      layout_loops_cross, uniq_ijyb, uniq_eustachio
D:6:      layout_rooms, temple_doors_cd, uniq_blork_the_orc

Skill      XL: |  1  2  3  4  5  6  7 |
---------------+----------------------+-----
Axes           | 3 5 6 |  6.0
Fighting       | 4 5 |  5.0
Dodging        | |  3.1
Shields        | |  3.1

Action                   |  1- 3 |  4- 6 |  7- 9 || total
-------------------------+-------+-------+-------++-------
Melee: War axe           |    66 |    52 |    13 ||   131
       Constrict         |    19 |    13 |     3 ||    35
       Tentacles         |    14 |    11 |     2 ||    27
  Use: Scroll            |     5 |     4 |     1 ||    10
       Potion            |       |     1 |       ||     1
 Stab: Sleeping          |     8 |     6 |     1 ||    15
Armor: Skin              |     5 |     3 |       ||     8
Dodge: Dodged            |    33 |    27 |     4 ||    64
Block: Kite shield       |    30 |    23 |     5 ||    58

Table legend: (Time is in decaauts)
 A = Elapsed time spent in this place.
 B = Non-inter-level travel time spent in this place.
 C = Inter-level travel time spent in this place.
 D = Time resting spent in this place.
 E = Time spent auto-exploring this place.
 F = Levels seen in this place.
 G = Mean time per level.
                   A        B        C        D        E       F      G
               +--------+--------+--------+--------+--------+-----+--------+
         Total |   4999 |   4897 |    102 |   1178 |   3207 |   6 |  833.2 |
       Dungeon |   4999 |   4897 |    102 |   1178 |   3207 |   6 |  833.2 |
               +--------+--------+--------+--------+--------+-----+--------+

Top non-repeatable levels by time:
     D:4: 1475 daAuts
     D:1: 1148 daAuts
     D:2: 925 daAuts
     D:3: 791 daAuts
     D:5: 641 daAuts
     D:6: 17 daAuts
